 Dungeon Crawl Stone Soup version 0.27.1-2-g3b301248ec (webtiles) character file.

Game seed: 5330054610405773893

191 CuBeRJAN3 the Magician (level 5, -8/29 HPs)
             Began as a Deep Elf Fire Elementalist on Oct 5, 2021.
             Was an Initiate of Vehumet.
             Killed from afar by an orc wizard (10 damage)
             ... with a magic dart
             ... on level 3 of the Dungeon.
             The game lasted 00:10:41 (3337 turns).

CuBeRJAN3 the Magician (Deep Elf Fire Elementalist) Turns: 3337, Time: 00:10:42

Health: -8/29      AC:  3    Str:  5    XL:     5   Next: 42%
Magic:  8/14       EV: 12    Int: 21    God:    Vehumet [......]
Gold:   212        SH:  0    Dex: 15    Spells: 3/14 levels left

rFire    . . .     SeeInvis .   j - +2 dagger (venom)
rCold    . . .     Faith    .   (no shield)
rNeg     . . .     Spirit   .   a - +0 robe
rPois    .         Reflect  .   (no helmet)
rElec    .         Harm     .   d - +0 cloak
rCorr    .         Rampage  .   (no gloves)
Will     .....                  (no boots)
Stlth    +.........             (no amulet)
HPRegen  0.09/turn              (no ring)
MPRegen  0.14/turn              (no ring)

@: confused
A: no striking features
a: Renounce Religion


You were on level 3 of the Dungeon.
You worshipped Vehumet.
Vehumet was noncommittal.
You visited 1 branch of the dungeon, and saw 5 of its levels.

You collected 212 gold pieces.

Inventory:

Hand Weapons
 j - a +2 dagger of venom (weapon)
Armour
 a - a +0 robe (worn)
 d - a +0 cloak (worn)
 e - a +2 chain mail of fire resistance
Scrolls
 b - a scroll of silence {unknown}
 c - 2 scrolls of identify {unknown}
 k - a scroll of teleportation {unknown}
Potions
 f - 2 potions of heal wounds {unknown}
 g - 3 potions of haste {unknown}
 h - 2 potions of curing {unknown}
 i - 2 potions of magic {unknown}


   Skills:
 + Level 1.4 Fighting
 - Level 2.4 Dodging
 + Level 3.6 Stealth
 * Level 5.0 Spellcasting
 + Level 2.3 Conjurations
 + Level 1.1 Translocations
 + Level 3.9 Fire Magic


You had 3 spell levels left.
You knew the following spells:

 Your Spells              Type           Power      Damage    Failure   Level
a - Foxfire               Conj/Fire      72%        2x1d7     3%          1
b - Conjure Flame         Conj/Fire      18%        6-21      9%          3
c - Inner Flame           Hex/Fire       13%        N/A       14%         3
d - Sticky Flame          Conj/Fire      18%        2d4       28%         4

Your spell library contained the following spells:

 Spells                   Type           Power      Damage    Failure   Level
 Fireball                 Conj/Fire      9%         3d6       63%         5


Dungeon Overview and Level Annotations

Branches:
Dungeon (5/15)
 Temple: D:4-7

Altars:
Kikubaaqudgha
Makhleb
Qazlal
Ru
Vehumet

Shops:
D:1 [   D:3 (


Message History

Press: ? - help, Q - select action Dir - look around, f - activate You conjure some foxfire!
You feel sick. The adder misses you.
You feel sick.
The foxfire hits the adder.
The adder is almost dead.
The foxfire hits the adder.
You kill the adder!
Vehumet accepts your kill.
You hear some strange, mumbled words.
Something tries to affect you, but you resist.
You feel sick.
You are no longer poisoned.
Casting: Foxfire (safe; 3% risk of failure)
Confirm with . or Enter, or press ? or * to list all spells.
The spell is quite dangerous to cast (9% risk of failure)!
Continue anyway? [Y]es or [N]o only, please.
The spell is quite dangerous to cast (9% risk of failure)!
Continue anyway?
You miscast Conjure Flame.
You are very lightly contaminated with residual magic.
Nothing appears to happen.
Something hits you.
You hear some strange, mumbled words.
A puff of flame appears from out of thin air!
The puff of flame hits you.
Casting: Foxfire (safe; 3% risk of failure)
Press: ? - help, Q - select action Dir - look around, f - activate You conjure some foxfire!
The foxfire hits something. x2
You hit something but do no damage. Something hits you.
* * * LOW HITPOINT WARNING * * *
Your magical contamination has completely faded away.
A magic dart appears from out of thin air!
The magic dart hits you!
* * * LOW HITPOINT WARNING * * *
You hear some strange, mumbled words.
You are confused.
You're too confused to cast spells.
You're too confused to cast spells.
A magic dart appears from out of thin air!
The magic dart hits you!
You die...

...............#...##########
.........###..)...##########
.........####...##.........#
.........##......#.........#
..........<....#...........#
......<...#................#
...........................#
.......(...................#
..###..###......@..........#
.# #..###..................#
. ...#.........#...........#
w#.##.#...#####{##.########
...........# #..#.# .
#w......>.# ##.#.####
..#.........# #......#
.......)....# #......#
...._.......# ##.....#


There were no monsters in sight!

Vanquished Creatures
  A hound (D:5)
  Jessica (D:3)
  An iguana (D:5)
  5 adders
  A dart slug (D:1)
  4 orcs (D:4)
  4 ball pythons
  4 endoplasms
  A giant cockroach (D:2)
  6 goblins
  4 hobgoblins
  3 jackals (D:1)
  6 kobolds
  A quokka (D:4)
  7 bats
  4 frilled lizards
  8 rats
61 creatures vanquished.

Vanquished Creatures (collateral kills)
  A foxfire (D:2)
1 creature vanquished.

Vanquished Creatures (others)
  168 foxfires
  8 plants (D:2)
176 creatures vanquished.

Grand Total: 238 creatures vanquished

Notes
Turn   | Place    | Note
-------+----------+-------------------------------------------
     0 | D:1      | CuBeRJAN3 the Deep Elf Fire Elementalist began the quest
                  | for the Orb.
     0 | D:1      | Reached XP level 1. HP: 10/10 MP: 6/6
   441 | D:1      | Reached XP level 2. HP: 13/15 MP: 1/8
   976 | D:1      | Found Qizil's Armour Shop.
  1312 | D:2      | Reached XP level 3. HP: 20/20 MP: 8/10
  1316 | D:2      | Learned a level 3 spell: Conjure Flame
  1320 | D:2      | Learned a level 3 spell: Inner Flame
  1378 | D:2      | HP: 1/20 [poisoned by an adder]
  1420 | D:2      | Reached skill level 4 in Spellcasting
  2011 | D:2      | Reached XP level 4. HP: 20/24 MP: 6/12
  2071 | D:2      | Reached skill level 1 in Fighting
  2345 | D:3      | Learned a level 4 spell: Sticky Flame
  2346 | D:3      | You fall into a shaft and drop 2 floors!
  2346 | D:5      | Entered Level 5 of the Dungeon
  2697 | D:4      | Reached XP level 5. HP: 29/29 MP: 11/14
  2760 | D:4      | Noticed an ogre
  2792 | D:3      | Found an ancient bone altar of Kikubaaqudgha.
  2792 | D:3      | Found a sacrificial altar of Ru.
  2792 | D:3      | Found a stormy altar of Qazlal.
  2792 | D:3      | Found a burning altar of Makhleb.
  2792 | D:3      | Found Logg's Weapon Shop.
  2856 | D:3      | Noticed Jessica
  3187 | D:3      | Found a radiant altar of Vehumet.
  3192 | D:3      | Killed Jessica
  3193 | D:3      | Reached skill level 5 in Spellcasting
  3193 | D:3      | Reached skill level 1 in Translocations
  3227 | D:3      | Became a worshipper of Vehumet
  3334 | D:3      | HP: 1/29 [something/magic dart (7)]
  3337 | D:3      | Killed from afar by an orc wizard

Illustrated notes

Levels and vault maps discovered:
D:1:      zelgadis_glass_arrival_small, layout_basic, serial_shops, shop,
          minmay_liquid_box
D:2:      layout_rooms, serial_bayou, serial_bayou_shore_a,
          serial_bayou_shore_b, serial_bayou_pond_d, serial_bayou_pond_c,
          minivault_19
D:3:      layout_rooms, mainiacjoe_overflow_alcove_1,
          chequers_temple_overflow_statue_of_worship,
          hellmonk_ecumenical_altar_slurped_away, serial_shops, shop,
          uniq_jessica, uniq_robin, uniq_grinder
D:4:      layout_loops_cross, lemuel_coloured_pillars_altar, uniq_edmund
D:5:      layout_gridville, serial_shops, nicolae_lakefront_shop,
          nicolae_zen_rock_garden, minmay_hedge_maze

Skill      XL: |  1  2  3  4  5 |
---------------+----------------+-----
Stealth        | 3 |  3.6
Spellcasting   | 4 5 |  5.0
Conjurations   | 2 |  2.3
Fighting       | 1 |  1.4
Translocations | 1 |  1.1
Dodging        | |  2.4
Fire Magic     | |  3.9

Action                   |  1- 3 |  4- 6 || total
-------------------------+-------+-------++-------
Melee: Unarmed           |    14 |       ||    14
       Short sword       |     1 |       ||     1
       Dagger            |       |     4 ||     4
 Cast: Foxfire           |    69 |    36 ||   105
       Conjure Flame     |       |     1 ||     1
  Use: Scroll            |     1 |       ||     1
       Potion            |     2 |       ||     2
Armor: Robe              |    13 |     5 ||    18
Dodge: Dodged            |    32 |    27 ||    59
